cohdb
Replays
Latest Replays
All Replays
Popular Replays
Top Player Replays
Match Explorer
How It Works
Community
CoH3 Stats
Reddit
Sign in to upload your games and track your stats! →
Sign in with Steam
Match 39080869
Unlisted
Match 39080869
Overview
Messages
Build Orders
End
Selects Armored Battlegroup
Selects Assault Engineers
Assault Engineer Squad
Construct Barracks
Riflemen Squad
Riflemen Squad
Riflemen Squad
Construct Medical Station
Grenade Package
Selects Fast Deploy
Assault Engineer Squad
Air Support Center
Grasshopper Recon Run
P-47 Dive Bomb
Construct Tank Depot
Selects M8 Scott SPG
Selects UNKNOWN (2160077)
Selects M31 Recovery Vehicle
M4A3E8 Sherman Easy Eight
Grasshopper Recon Run
Selects War Machine
M4A3E8 Sherman Easy Eight
Grasshopper Recon Run
P-47 Dive Bomb
M4A3E8 Sherman Easy Eight
Assault Engineer Squad
Assault Engineer Squad
Solimanator
ghey fish
UH|ck
UH|XTC
0
0
Comments
sign in to comment!
No comments posted yet!